 Dungeon Sprint DCSS version 0.29-a0-717-g6dac4ea423 (webtiles) character file.

Game seed: 6937813389985679404

2274 mhtbhm the Unseen (level 9, -10/51 HPs)
             Began as a Vampire Enchanter on June 26, 2022.
             Was a Believer of Dithmenos.
             Mangled by a centaur warrior (15 damage)
             ... in the Dungeon (Sprint I: "Red Sonja").
             The game lasted 00:04:03 (1217 turns).

mhtbhm the Unseen (Vampire Enchanter)               Turns: 1217, Time: 00:04:03

Health: -10/51     AC:  0    Str:  5 (7)  XL:     9   Next: 16%
Magic:  20/20      EV: 26    Int: 15 (17) God:    Dithmenos [**....]
Gold:   857        SH:  0    Dex: 22 (24) Spells: 12/23 levels left

rFire   . . .      SeeInvis +   (weapon currently unavailable)
rCold   + + .      Faith    .   (shield currently unavailable)
rNeg    + + +      Spirit   .   (body armour currently unavailable)
rPois   ∞          Reflect  .   (helmet currently unavailable)
rElec   .          Harm     .   (cloak currently unavailable)
rCorr   .          Rampage  .   (gloves currently unavailable)
Will    .....      NoTele   +   (boots currently unavailable) Stlth **++++++++
                                (no amulet)
HPRegen 0.00/turn               (ring currently unavailable)
MPRegen 0.17/turn               (ring currently unavailable)

@: bat-form, flying, bloodless, inhibited regen, wreathed by umbra, invisible,
very quick
A: fast, flying, no casting, tiny, bloodless, fangs 3, see invisible, vampiric 2
a: Revivify, End Transformation, Renounce Religion, Shadow Step


You were in the Dungeon.
You worshipped Dithmenos.
Dithmenos was pleased with you.
You were a vampire bat.
You visited 1 branch You collected 857 gold pieces.

Inventory:

Hand Weapons
 a - a +1 dagger (melded)
Missiles
 k - 3 curare-tipped darts (quivered)
Armour
 b - a +0 robe (melded)
Wands
 h - a wand of iceblast (12)
Scrolls
 f - a scroll of enchant weapon {unknown}
 j - a scroll of enchant armour {unknown}
 m - a scroll of identify {unknown}
Potions
 d - 3 potions of curing
 e - 2 potions of heal wounds
 g - 2 potions of magic
 l - a potion of degeneration {unknown}


   Skills:
 + Level 3.3 Fighting
 + Level 5.8 Short Blades
 + Level 0.4 Throwing
 + Level 7.1 Dodging
 + Level 18.0 Stealth
 + Level 7.9 Spellcasting
 + Level 17.1 Hexes
 + Level 3.2 Ice Magic


You had 12 spell levels left.
You knew the following spells:

 Your Spells              Type           Power      Damage    Failure   Level
a - Ensorcelled Hibernat  Hex/Ice        72%        N/A       1%          2
b - Confusing Touch       Hex            55%        N/A       1%          3
c - Tukima's Dance        Hex            55%        N/A       1%          3
d - Dazzling Flash        Conj/Hex       62%        N/A       1%          3

Your spell library contained the following spells:

 Spells                   Type           Power      Damage    Failure   Level


Dungeon Overview and Level Annotations

Branches:
Dungeon (1/1)

Altars:
Cheibriados
Dithmenos
Elyvilon
Fedhas
Gozag
Hepliaklqana
Kikubaaqudgha
Makhleb
Nemelex Xobeh
Okawaru
Qazlal
Ru
Sif Muna
Trog
Uskayaw
Vehumet
Wu Jian
Xom
Yredelemnul
Zin
The Shining One
Jiyva
Lugonu

Shops:
D :([


Innate Abilities, Weirdness & Mutations

You are a vampire bat.
You are tiny and dextrous.
You move quickly.
You are flying.
You are immune to poison.
Your equipment is almost entirely melded.
You are incapable of wielding weapons or throwing items.
You cannot cast spells.
You do not regenerate when monsters are visible.
You are frail without blood (-20% HP).
You can heal yourself when you bite living creatures.
You are immune to poison.
You have razor-sharp teeth.
You have supernaturally acute eyesight. (SInv)
You are afflicted with vampirism and can become a bat while bloodless.


Message History

The centaur warrior shoots an arrow.
The arrow hits you!!
Ouch! That really hurt!
The centaur warrior wields a +0 shortbow.
The centaur warrior shoots an arrow.
The arrow hits you!!
* * * LOW HITPOINT WARNING * * *
Unknown command.
You fade into invisibility!
The centaur warrior shoots an arrow.
The arrow barely misses you.
The centaur warrior shoots an arrow.
The arrow completely misses you.
Unknown command.
The centaur warrior unwields a +0 shortbow.
The centaur warrior misses you.
The centaur warrior completely misses you.
The centaur warrior unwields a +0 shortbow.
The centaur warrior closely misses you. The centaur warrior kicks you.
Continue your ritual? [Y]es or [N]o only, please.
Continue your ritual?
You stop revivifying.
* * * LOW HITPOINT WARNING * * *
Unknown command.
There is an open door, spattered with blood here.
You see here 6 boomerangs.
You reach down and close the door.
You start resting.
Magic restored.
You start resting.
A centaur warrior opens the door.
There is an open door, spattered with blood here.
Which direction?
You reach down and close the door.
You begin the revivification ritual.
You continue your ritual. x2
The centaur warrior barely misses you.
The centaur warrior completely misses you.
The centaur warrior misses you. The centaur warrior closely misses you.
You continue your ritual.
The centaur warrior hits you!
Continue your ritual? [Y]es or [N]o only, please.
Continue your ritual?
You die...

##########################
#<.#..'..#..'..#__#..s§).#
#..)..#.)').#cb'..+..#...#
#..#####'#####'#__####.§.s..
#..####..#...#.####§§#####s.+
#..#__####..##(#§c§§§# ##
#..#_____##'#_§§§≈c§.+
#⌠⌠#_.∩...'...§#≈≈≈§§#
####_..__##_.#'##'####
#_____###'#c#....###
############.####'###.##


You could see a centaur warrior (can't see you).

Vanquished Creatures
  Sonja (D)
  A deep troll (D)
  2 kobold demonologists (D)
  A slime creature (D)
  Sigmund (D)
  A yak (D)
  A floating eye (D)
  An ogre (D)
  A jelly (D)
  Ijyb (D)
  A ballistomycete spore (D)
12 creatures vanquished.

Vanquished Creatures (others)
  A ballistomycete spore (D)
1 creature vanquished.

Grand Total: 13 creatures vanquished

Notes
Turn   | Place    | Note
-------+----------+-------------------------------------------
     0 | D        | mhtbhm the Vampire Enchanter began the quest for the Orb.
     0 | D        | Reached XP level 1. HP: 13/13 MP: 3/3
     1 | D        | Noticed Ijyb
    16 | D        | Killed Ijyb
    17 | D        | Reached skill level 6 in Stealth
    17 | D        | Reached XP level 2. HP: 13/19 MP: 3/5
    52 | D        | Learned a level 2 spell: Ensorcelled Hibernation
    53 | D        | Noticed an ogre
    56 | D        | Killed an ogre
    57 | D        | Reached skill level 8 in Stealth
    57 | D        | Gained mutation: You are afflicted with vampirism and can
                  | become a bat while bloodless. [Vampire growth]
    57 | D        | Reached XP level 3. HP: 25/25 MP: 6/8
    57 | D        | Reached XP level 4. HP: 31/31 MP: 6/9
   480 | D        | Noticed Sigmund
   483 | D        | Killed Sigmund
   484 | D        | Reached skill level 1 in Fighting
   484 | D        | Reached skill level 11 in Stealth
   484 | D        | Reached XP level 5. HP: 32/37 MP: 8/12
   484 | D        | Reached XP level 6. HP: 37/43 MP: 8/13
   489 | D        | Learned a level 3 spell: Confusing Touch
   493 | D        | Learned a level 3 spell: Tukima's Dance
   497 | D        | Learned a level 3 spell: Dazzling Flash
   531 | D        | Found an ornate altar of the Wu Jian Council.
   531 | D        | Found a shimmering blue altar of Sif Muna.
   533 | D        | Found a radiant altar of Vehumet.
   540 | D        | Reached skill level 5 in Dodging
   540 | D        | Reached skill level 5 in Spellcasting
   592 | D        | Found Unkev's Antique Weapon Emporium.
   592 | D        | Found an ancient bone altar of Kikubaaqudgha.
   592 | D        | Found a hazy altar of Hepliaklqana.
   592 | D        | Found a stormy altar of Qazlal.
   592 | D        | Found a hide-covered altar of Uskayaw.
   592 | D        | Found a blossoming altar of Fedhas.
   592 | D        | Found a bloodstained altar of Trog.
   592 | D        | Found an iron altar of Okawaru.
   592 | D        | Found a basalt altar of Yredelemnul.
   592 | D        | Found a snail-covered altar of Cheibriados.
   592 | D        | Found a sacrificial altar of Ru.
   592 | D        | Found a shadowy altar of Dithmenos.
   592 | D        | Noticed a yak
   593 | D        | Found an opulent altar of Gozag.
   594 | D        | Killed a yak
   595 | D        | Reached skill level 12 in Stealth
   595 | D        | Found a sparkling altar of Nemelex Xobeh.
   601 | D        | Became a worshipper of Dithmenos the Shadowed
   635 | D        | Found a burning altar of Makhleb.
   635 | D        | Found a viscous altar of Jiyva.
   635 | D        | Found a shimmering altar of Xom.
   635 | D        | Found a corrupted altar of Lugonu.
   635 | D        | Noticed a slime creature
   638 | D        | Killed a slime creature
   639 | D        | Reached skill level 13 in Stealth
   639 | D        | Reached skill level 1 in Ice Magic
   639 | D        | Reached XP level 7. HP: 50/50 MP: 14/16
   663 | D        | Noticed Sonja
   667 | D        | Killed Sonja
   668 | D        | Reached skill level 15 in Stealth
   668 | D        | Reached skill level 15 in Hexes
   668 | D        | Reached XP level 8. HP: 57/57 MP: 16/18
   683 | D        | Found Ubaxuin's Book Boutique.
   758 | D        | Noticed a deep troll
   771 | D        | Killed a deep troll
   771 | D        | Reached * piety under Dithmenos
   772 | D        | Reached skill level 5 in Short Blades
   772 | D        | Reached skill level 16 in Stealth
   785 | D        | Found Heuzun's Armour Emporium.
  1118 | D        | Noticed a kobold demonologist
  1119 | D        | Noticed a kobold demonologist
  1121 | D        | Noticed an orange demon
  1125 | D        | Noticed a demonic crawler
  1125 | D        | Noticed a demonic crawler
  1125 | D        | Noticed a demonic crawler
  1125 | D        | Noticed a demonic crawler
  1126 | D        | Killed a kobold demonologist
  1127 | D        | Reached skill level 17 in Stealth
  1132 | D        | Reached XP level 9. HP: 56/63 MP: 17/20
  1132 | D        | Killed a kobold demonologist
  1132 | D        | Reached ** piety under Dithmenos
  1133 | D        | Reached skill level 18 in Stealth
  1185 | D        | Noticed a centaur warrior
  1185 | D        | Noticed a centaur warrior
  1191 | D        | HP: 2/51 [centaur warrior (3)]
  1217 | D        | Mangled by a centaur warrior

Illustrated notes

Levels and vault maps discovered:
D:        dungeon_sprint_1 [red_sonja_temple_1, red_sonja_temple_small_1]

Skill      XL: |  1  2  3  4  5  6  7  8  9 |
---------------+----------------------------+-----
Stealth        | 6 8 11 13 15 17 18 | 18.0
Hexes          | 6 9 12 14 15 16 17 | 17.1
Dodging        | 3 4 5 6 7 |  7.1
Spellcasting   | 3 4 6 7 |  7.9
Fighting       | 1 2 3 |  3.3
Short Blades   | 2 3 4 5 |  5.8
Ice Magic      | 1 3 |  3.2
Throwing       | |  0.4

Action                   |  1- 3 |  4- 6 |  7- 9 || total
-------------------------+-------+-------+-------++-------
Melee: Dagger            |    15 |     4 |    13 ||    32
       Bite              |     3 |       |     3 ||     6
Throw: Dart              |       |       |     2 ||     2
 Cast: Ensorcelled Hiber |       |     4 |     1 ||     5
       Dazzling Flash    |       |       |     1 ||     1
 Abil: Revivify          |       |     1 |     2 ||     3
       Bat Form          |       |     1 |     1 ||     2
       Exsanguinate      |       |     1 |     1 ||     2
  Use: Potion            |     1 |       |     3 ||     4
       Scroll            |       |       |     1 ||     1
 Stab: Sleeping          |     1 |     4 |     3 ||     8
       Invisible         |       |       |     3 ||     3
Armor: Robe              |     1 |     1 |       ||     2
Dodge: Dodged            |     2 |     2 |    27 ||    31

Table legend: (Time is in decaauts)
 A = Elapsed time spent in this place.
 B = Non-inter-level travel time spent in this place.
 C = Inter-level travel time spent in this place.
 D = Time resting spent in this place.
 E = Time spent auto-exploring this place.
 F = Levels seen in this place.
 G = Mean time per level.
                   A        B        C        D        E       F      G
               +--------+--------+--------+--------+--------+-----+--------+
         Total |   1197 |   1197 |      0 |    820 |      1 |   1 | 1197.0 |
       Dungeon |   1197 |   1197 |      0 |    820 |      1 |   1 | 1197.0 |
               +--------+--------+--------+--------+--------+-----+--------+

Top non-repeatable levels by time:
       D: 1197 daAuts
